 Dungeon Crawl Stone Soup version 0.30.0-5-g1a98f26d00 (webtiles) character file.

Game seed: 9509043960817751453

3241 zlionsfan the Carver (level 9, -3/69 HPs)
             Began as a Merfolk Gladiator on May 13, 2023.
             Was an Elder of Fedhas.
             Slain by an orc knight
             ... wielding a +0 glaive
              (10 damage)
             ... in a bailey.
             The game lasted 00:18:36 (4949 turns).

zlionsfan the Carver (Merfolk Gladiator)            Turns: 4949, Time: 00:18:38

Health: -3/69      AC:  8    Str: 17    XL:     9   Next: 99%
Magic:  9/9        EV: 13    Int:  7    God:    Fedhas [****..]
Gold:   152        SH: 10    Dex: 20    Spells: 8/8 levels left

rFire   . . .        y - +7 Throatcutter {drain, coup de grace}
rCold   . . .        j - +0 kite shield {rN+}
rNeg    + . .        p - +0 leather armour
rPois   +            c - +0 helmet
rElec   .            (no cloak)
rCorr   .            (no gloves)
SInv    .            (no boots)
Will    .....        f - amulet of regeneration
Stlth   +++          G - ring "Jiamuire" {rPois Str+3}
HPRegen 1.11/turn    C - +4 ring of protection
MPRegen 0.11/turn

%: no passive effects
@: no status effects
A: (nimble swimmer 2), mertail
a: Renounce Religion, Wall of Briars, Grow Ballistomycete, Overgrow


You were in a bailey.
You worshipped Fedhas.
Fedhas was greatly pleased with you.
You visited 2 branches of the dungeon, and saw 8 of its levels.
You also visited: Sewer and Bailey.

You collected 448 gold pieces.
You spent 296 gold pieces at shops.

Inventory:

Hand Weapons
 a - a +0 trident
 y - the +7 Throatcutter (weapon) {drain, coup de grace}
   (You found it on level 4 of the Dungeon)
Missiles
 d - 3 throwing nets (quivered)
 e - a javelin
 w - 7 atropa-tipped darts
Armour
 c - a +0 helmet (worn)
 j - a +0 kite shield of positive energy (worn)
 p - a +0 leather armour (worn)
Jewellery
 f - an amulet of regeneration (around neck)
 k - a +6 ring of strength
 C - a +4 ring of protection (right hand)
 D - a ring of magical power
 G - the ring "Jiamuire" (left hand) {rPois Str+3}
   (You bought it in a shop on level 6 of the Dungeon)

   [ring of strength]

   Str:       It affects your strength (+3).
   rPois:     It protects you from poison.
Wands
 x - a wand of flame (12)
 F - a wand of roots (12)
Scrolls
 h - 3 scrolls of teleportation
 i - 2 scrolls of noise {unknown}
 l - 3 scrolls of magic mapping
 m - 2 scrolls of brand weapon {unknown}
 o - 2 scrolls of fog {unknown}
 q - a scroll of blinking {unknown}
 r - 3 scrolls of enchant weapon {unknown}
 u - 2 scrolls of poison {unknown}
 v - a scroll of acquirement {unknown}
Potions
 b - a potion of invisibility {unknown}
 g - 6 potions of curing
 n - a potion of lignification {unknown}
 s - 3 potions of heal wounds
 z - 2 potions of brilliance {unknown}
 A - a potion of ambrosia {unknown}
 B - 3 potions of berserk rage
 E - 4 potions of mutation
 H - 2 potions of magic {unknown}
 I - a potion of resistance {unknown}
 J - a potion of haste {unknown}


   Skills:
 * Level 5.9 Fighting
 * Level 9.6 Long Blades
 + Level 6.5 Polearms
 * Level 5.8 Throwing
 + Level 2.6 Armour
 + Level 5.4 Dodging
 + Level 4.3 Stealth
 + Level 3.0 Shields
 + Level 0.3 Evocations


You had 8 spell levels left.
You didn't know any spells.
Your spell library contained the following spells:

 Spells                   Type           Power      Damage    Failure   Level
 Magic Dart               Conj           0%         1d3       85%         1
 Shock                    Conj/Air       0%         1d3       85%         1
 Blink                    Tloc           0%         N/A       94%         2
 Lesser Beckoning         Tloc           0%         N/A       94%         2
 Momentum Strike          Conj/Tloc      0%         3d8       94%         2
 Poisonous Vapours        Pois/Air       0%         N/A       94%         2
 Searing Ray              Conj           0%         2d4       94%         2
 Mephitic Cloud           Conj/Pois/Air  0%         N/A       99%         3
 Portal Projectile        Hex/Tloc       0%         N/A       99%         3
 Swiftness                Air            0%         N/A       99%         3
 Tukima's Dance           Hex            0%         N/A       99%         3
 Airstrike                Air            0%         2d(0-16)  100%        4
 Fulminant Prism          Conj/Hex       0%         3d5       100%        4
 Manifold Assault         Tloc           0%         N/A       100%        4
 Blade Hands              Tmut           0%         N/A       100%        5
 Freezing Cloud           Conj/Ice/Air   0%         6-21      100%        5
 Storm Form               Tmut/Air       0%         N/A       100%        7


Dungeon Overview and Level Annotations

Branches:
Dungeon (7/15)             Temple (1/1) D:6           Sewer (visited)
 Bailey (1/1)

Altars:
Ashenzari
Cheibriados
Dithmenos
Elyvilon
Fedhas
Gozag
Kikubaaqudgha
Makhleb
Okawaru
Ru
Sif Muna
Trog
Uskayaw
Vehumet
Wu Jian
Xom
Yredelemnul
Zin
The Shining One

Shops:
D:1 !   D:2 *   D:6 =

Annotations:
D:3 1 runed translucent door, sampeng1's ghost, amateur HuTm


Innate Abilities, Weirdness & Mutations

((You are very nimble when in or above water. (Stealth+, EV+, Speed+++)))
Your lower body shifts to a powerful aquatic tail in water.


Message History

Items here: )))) [[ †††.
You closely miss the orc knight.
The orc warrior hits you from afar with a +0 spear.
The orc knight hits you with a +0 glaive.
You block the orc warrior's attack.
You closely miss the orc knight. The orc warrior completely misses you.
You block the orc knight's attack. You block the orc warrior's attack.
You slash the orc knight!
The orc knight is lightly wounded.
You block the orc warrior's attack. You block the orc knight's attack.
The orc warrior barely misses you.
You slash the orc knight! You drain the orc knight.
The orc knight is moderately wounded.
The orc warrior no longer looks unusually strong.
You block the orc warrior's attack.
The orc knight roars a battlecry!
The orc warrior goes into a battle-frenzy!
The orc warrior hits you from afar with a +0 glaive!
You hit the orc knight. You drain the orc knight.
The orc knight is heavily wounded.
The orc warrior hits you from afar with a +0 spear.
The orc warrior hits you from afar with a +0 glaive!
You slash the orc knight!
The orc knight is heavily wounded.
The orc warrior hits you from afar with a +0 spear!
* * * LOW HITPOINT WARNING * * *
You block the orc knight's attack.
The orc warrior hits you but does no damage.
You feel much better. You block the orc warrior's attack.
The orc knight hits you with a +0 glaive!!
The orc warrior closely misses you.
You closely miss the orc knight.
The orc knight is heavily wounded.
The orc warrior closely misses you. You block the orc knight's attack.
The orc warrior hits you from afar with a +0 glaive!!
* * * LOW HITPOINT WARNING * * *
The orc warrior closely misses you.
The orc knight hits you with a +0 glaive!
You die...
Fedhas appreciates your contribution to the ecosystem.

##.....##
#.......#
#.......#
#..#.#..#
#..#8#..#
#.......#
##.oo).##
###)###
#o@.#
#...#
#...#
#...#
###'###
##.....##
#.......#
#....)).#
#....)))#


You could see an orc knight (drained) and 2 orc warriors.

Vanquished Creatures
  Grinder (D:6)
  2 steam dragons
  Menkaure (D:7)
  2 water moccasins
  3 orc warriors
  2 black bears
  3 ogres
  2 centaurs
  2 phantoms (D:4)
  Blork the orc (D:4)
  4 bullfrogs
  A gnoll sergeant (D:6)
  4 scorpions
  4 wights (D:7)
  A jelly (D:6)
  3 hounds
  A gnoll bouda (D:6)
  5 iguanas
  8 adders
  12 gnolls
  2 river rats (D:5)
  3 worms
  2 dart slugs
  25 orcs
  11 bats
  11 endoplasms
  A giant cockroach (D:3)
  8 goblins
  6 hobgoblins
  15 jackals
  A quokka (D:1)
  7 ball pythons
  3 frilled lizards (D:1)
  7 kobolds
  4 rats
168 creatures vanquished.

Notes
Turn   | Place    | Note
-------+----------+-------------------------------------------
     0 | D:1      | zlionsfan the Merfolk Gladiator began the quest for the
                  | Orb.
     0 | D:1      | Reached XP level 1. HP: 16/16 MP: 1/1
   300 | D:1      | Reached XP level 2. HP: 22/22 MP: 2/2
   525 | D:1      | Reached XP level 3. HP: 21/28 MP: 3/3
   712 | D:1      | Found Koezxise's Distillery.
   946 | D:2      | Found a faded altar of an unknown god.
   954 | D:2      | Prayed at the altar of an unknown god.
   954 | D:2      | Became a worshipper of Fedhas Madash
   954 | D:2      | Reached * piety under Fedhas
   990 | D:2      | Reached XP level 4. HP: 34/34 MP: 4/4
  1018 | D:2      | Found Cienown's Assorted Antiques.
  1093 | D:2      | Found a radiant altar of Vehumet.
  1329 | D:3      | Reached skill level 1 in Armour
  1335 | D:3      | Noticed a black bear
  1408 | D:3      | Noticed sampeng1's ghost (amateur HuTm)
  1482 | D:3      | Found an ornate altar of the Wu Jian Council.
  1568 | D:3      | Found a runed translucent door.
  1724 | D:3      | Found a sacrificial altar of Ru.
  1843 | D:4      | Noticed a phantom
  1845 | D:4      | Noticed a phantom
  1900 | D:4      | Reached ** piety under Fedhas
  2000 | D:3      | Reached skill level 5 in Polearms
  2049 | D:4      | Reached XP level 5. HP: 38/39 MP: 5/5
  2081 | D:4      | Noticed Blork the orc
  2101 | D:4      | Killed Blork the orc
  2197 | D:4      | Found the +7 Throatcutter {drain, coup de grace}
  2210 | D:4      | Noticed an ogre
  2241 | D:4      | Killed a phantom
  2242 | D:4      | Reached skill level 1 in Shields
  2242 | D:4      | Reached XP level 6. HP: 47/47 MP: 6/6
  2276 | D:4      | Reached skill level 1 in Long Blades
  2291 | D:4      | Reached skill level 1 in Stealth
  2294 | D:4      | Found an iron altar of Okawaru.
  2437 | D:4      | Found a shimmering altar of Xom.
  2477 | D:4      | Reached XP level 7. HP: 52/52 MP: 7/7
  2535 | D:5      | Entered Level 5 of the Dungeon
  2566 | D:5      | Reached skill level 2 in Long Blades
  2580 | D:5      | Found a broken altar of Ashenzari.
  2653 | D:5      | Noticed a steam dragon
  2688 | D:5      | Reached skill level 3 in Long Blades
  2777 | D:5      | Found a glowing silver altar of Zin.
  2881 | D:5      | Found a glowing drain.
  2885 | Sewer    | Entered a sewer
  2909 | Sewer    | Reached *** piety under Fedhas
  2937 | Sewer    | Reached skill level 4 in Long Blades
  2937 | Sewer    | Reached skill level 5 in Dodging
  2937 | Sewer    | Reached XP level 8. HP: 54/60 MP: 8/8
  3127 | D:5      | Reached skill level 5 in Long Blades
  3293 | D:6      | Noticed Grinder
  3311 | D:6      | Killed Grinder
  3312 | D:6      | Reached skill level 6 in Long Blades
  3323 | D:6      | Reached skill level 5 in Throwing
  3358 | D:6      | Found a shimmering blue altar of Sif Muna.
  3373 | D:6      | Reached skill level 7 in Long Blades
  3486 | D:6      | Reached XP level 9. HP: 66/66 MP: 9/9
  3543 | D:6      | Found Vidghopn's One-of-a-Kind Rings.
  3661 | D:6      | Found a staircase to the Ecumenical Temple.
  3670 | Temple   | Entered the Ecumenical Temple
  4089 | D:6      | Found a bloodstained altar of Trog.
  4109 | D:6      | Reached skill level 8 in Long Blades
  4445 | D:7      | Noticed Menkaure
  4448 | D:7      | Reached **** piety under Fedhas
  4449 | D:7      | Reached skill level 5 in Fighting
  4453 | D:7      | Killed Menkaure
  4526 | D:6      | Bought the ring "Jiamuire" {rPois Str+3} for 296 gold
                  | pieces
  4632 | D:7      | Reached skill level 9 in Long Blades
  4764 | D:7      | Found a flagged portal.
  4786 | Bailey   | Entered a bailey
  4910 | Bailey   | Noticed an orc knight
  4949 | Bailey   | Slain by an orc knight

Illustrated notes

Levels and vault maps discovered:
D:1:      dpeg_cavernosity, layout_basic, serial_shops, shop
D:2:      layout_basic, basic_altar, serial_shops,
          nicolae_shop_tiny_real_fake_doors, ebering_ecumenical_altar_mist
D:3:      layout_basic, nzn_wu_jian_contemplation,
          nicolae_ru_the_path_less_chosen, hellmonk_ghost_happy_afterlife,
          minivault_4
D:4:      layout_basic, mainiacjoe_overflow_chevrons, kennysheep_mini,
          corexii_hall_statues_l, uniq_blork_the_orc
D:5:      layout_gridville, zin_scriptorium, mainiacjoe_overflow_tiny_flanked,
          lightli_sewer_entry_pipes, minmay_misc_feat_hallway
D:6:      layout_basic, mainiacjoe_overflow_concentric_impassable,
          trog_butcher_becter, minmay_temple_entry_drinking_statues,
          nicolae_shop_unique_rings, uniq_grinder
D:7:      layout_basic, enter_bailey_7, dreamdust_princess_corridor,
          kennysheep_generic_room_9, uniq_menkaure
Temple:   grunt_temple_mini_profane
Bailey:   bailey_polearm_5, bailey

Skill      XL: |  1  2  3  4  5  6  7  8  9 |
---------------+----------------------------+-----
Throwing       | 3 4 5 |  5.8
Armour         | 1 2 |  2.6
Polearms       | 5 6 |  6.5
Fighting       | 3 4 5 |  5.9
Shields        | 1 2 3 |  3.0
Long Blades    | 1 4 7 9 |  9.6
Stealth        | 1 2 3 4 |  4.3
Dodging        | 5 |  5.4
Evocations     | |  0.3

Action                     |  1- 3 |  4- 6 |  7- 9 || total
---------------------------+-------+-------+-------++-------
  Melee: Trident           |   118 |    89 |       ||   207
         Long sword        |       |    15 |   179 ||   194
         Tailslap          |       |       |     2 ||     2
  Throw: Throwing net      |       |     3 |       ||     3
  Evoke: Wand              |       |       |     3 ||     3
    Use: Scroll            |       |       |     5 ||     5
         Potion            |       |       |     1 ||     1
   Stab: Sleeping          |     3 |     2 |    11 ||    16
         Held in net/web   |       |     2 |       ||     2
 Armour: Leather armour    |    32 |    14 |    41 ||    87
  Dodge: Dodged            |    85 |    46 |   108 ||   239
  Block: Kite shield       |    37 |    44 |   136 ||   217
